 Dungeon Crawl Stone Soup version 0.19-a0-36-g4a0968a (webtiles) character file.

208 M4edhros the Insei (level 5, 0/31 HPs)
             Began as an Octopode Necromancer on May 3, 2016.
             Slain by a quokka (5 damage)
             ... on level 4 of the Dungeon.
             The game lasted 00:03:56 (633 turns).

M4edhros the Insei (Octopode Necromancer)            Turns: 633, Time: 00:03:57

Health: 0/31       AC:  1    Str: 12    XL:     5   Next: 86%
Magic:  0/8        EV: 12    Int: 17    God:
Gold:   18         SH:  0    Dex: 14    Spells: 3 memorised, 3 levels left

rFire  . . .     SeeInvis .       - Unarmed
rCold  . . .     Gourm    .     (no shield)
rNeg   . . .     Faith    .     (helmet restricted)
rPois  .         Spirit   +     e - amulet of guardian spirit
rElec  .         Dismiss  .     j - ring of loudness (curse)
rCorr  .         Reflect  .     (no ring)
SustAt .         Harm     .     (no ring)
MR     .....                    (no ring)
Stlth  ++........               (no ring)
                                (no ring)
                                (no ring)
                                (no ring)

@: mighty, lethally poisoned (0 -> -1), not resistant to hostile enchantments,
unstealthy
A: almost no armour, amphibious, 8 rings, constrict 8, camouflage 1, gelatinous
body 1
a: no special abilities


You were on level 4 of the Dungeon.
You were hungry.

You visited 1 branch of the dungeon, and saw 4 of its levels.

You collected 18 gold pieces.

Inventory:

Missiles
 k - 4 tomahawks of returning (quivered)
Jewellery
 e - an amulet of guardian spirit (around mantle)
 j - a cursed ring of loudness (left tentacle)
Scrolls
 c - a scroll of blinking {unknown}
 d - a scroll of immolation {unknown}
 h - a scroll of identify {unknown}
Potions
 g - 2 potions of might
 i - a potion of cure mutation {unknown}
 l - a potion of curing {unknown}
Books
 a - a book of Necromancy

   Spells                             Type                      Level
   a - Pain                           Necromancy                   1
   b - Animate Skeleton               Necromancy                   1
   c - Vampiric Draining              Necromancy                   3
   d - Regeneration                   Charms/Necromancy            3
   e - Animate Dead                   Necromancy                   4
   f - Control Undead                 Necromancy                   4
Comestibles
 b - 2 bread rations
 m - a meat ration


   Skills:
 - Level 2.0 Dodging
 - Level 2.6 Stealth
 + Level 5.4 Unarmed Combat
 - Level 2.0 Spellcasting
 - Level 4.0 Necromancy


You had 3 spell levels left.
You knew the following spells:

 Your Spells              Type           Power        Failure   Level  Hunger
a - Pain                  Necr           ###.         3%          1    #......
b - Animate Skeleton      Necr           N/A          3%          1    #......
r - Regeneration          Chrm/Necr      #.........   24%         3    ###....


Dungeon Overview and Level Annotations

Branches:
Dungeon (4/15)
 Temple: D:4-7

Altars:

Annotations:
D:4 Dowan


Innate Abilities, Weirdness & Mutations

You cannot wear most types of armour.
You are amphibious.
You can wear up to eight rings at the same time.
You can use your tentacles to constrict eight enemies at once.
Your skin changes colour to match your surroundings (Stealth).
Your rubbery body absorbs attacks (AC +1).


Message History

Unknown command.
You closely miss Dowan. You grab Dowan.
You constrict Duvessa, but do no damage.
You constrict Dowan. Duvessa completely misses you. The quokka bites you.
* * * LOW HITPOINT WARNING * * *
Dowan mumbles some strange words.
Dowan struggles to blink free from constriction.
Unknown command.
Unknown command.
You bludgeon Duvessa!
You kill Duvessa!
Dowan's eyes darken. "You have made a black mistake."
Dowan seems to find hidden reserves of power!
Your Unarmed Combat skill increases to level 5!
You have reached level 5!
You feel agile.
You constrict Dowan.
You feel sick. Dowan closely misses you.
The quokka twitches its whiskers.
The quokka bites you.
You die...

..... .... ####...# ####
#####....#.##
....##.....#.....##
#[.............[#
#........)......
#.......@r...(..
#........e......
#########.............<.
........#..........>....
........#...............
........##........<....#
.....)..##......#.....##
[.......#...########.##
...........##


You could see Dowan and a quokka.

Vanquished Creatures
  Duvessa (D:4)
  A giant frog skeleton (D:4)
  4 adders
  2 worms (D:2)
  A dart slug (D:2)
  An orc (D:4)
  5 bats (D:2)
  A giant cockroach (D:2)
  3 goblins
  4 hobgoblins (D:2)
  2 quokkas (D:4)
  2 giant newts
  A kobold (D:3)
  4 rats
32 creatures vanquished.

Vanquished Creatures (collateral kills)
  An adder (D:2)
1 creature vanquished.

Grand Total: 33 creatures vanquished

Notes
Turn   | Place    | Note
--------------------------------------------------------------
     0 | D:1      | M4edhros the Octopode Necromancer began the quest for the Orb.
     0 | D:1      | Reached XP level 1. HP: 11/11 MP: 3/3
    49 | D:2      | Reached skill level 1 in Unarmed Combat
    84 | D:2      | Reached XP level 2. HP: 8/17 MP: 0/5
   122 | D:2      | Reached skill level 2 in Unarmed Combat
   126 | D:2      | Learned a level 1 spell: Animate Skeleton
   180 | D:2      | Reached XP level 3. HP: 8/21 MP: 2/6
   186 | D:2      | Learned a level 3 spell: Regeneration
   282 | D:2      | Reached skill level 3 in Unarmed Combat
   399 | D:3      | Reached XP level 4. HP: 23/27 MP: 5/7
   601 | D:4      | Reached skill level 4 in Unarmed Combat
   619 | D:4      | Noticed Duvessa
   625 | D:4      | Noticed Dowan
   633 | D:4      | Killed Duvessa
   633 | D:4      | Reached skill level 5 in Unarmed Combat
   633 | D:4      | Reached XP level 5. HP: 6/31 MP: 0/8
   633 | D:4      | Slain by a quokka

Vault maps used:
D:1:      lemuel_arrival_hallway, tso_metal_star
D:4:      serial_shops, nicolae_shop_stone, uniq_duvessa

Skill      XL: |  1  2  3  4 |
---------------+-------------+-----
Unarmed Combat | 1 2 3 5 |  5.4
Dodging        | |  2.0
Stealth        | |  2.6
Spellcasting   | |  2.0
Necromancy     | |  4.0

Action                   |  1- 3 |  4- 6 || total
-------------------------+-------+-------++-------
Melee: Unarmed           |    47 |    20 ||    67
       Constrict         |    13 |     3 ||    16
       Tentacles         |     6 |     2 ||     8
 Cast: Pain              |    15 |     8 ||    23
       Animate Skeleton  |     3 |       ||     3
       Regeneration      |     3 |     2 ||     5
  Use: Potion            |       |     2 ||     2
 Stab: Sleeping          |     4 |       ||     4
Armor: Skin              |     6 |       ||     6
Dodge: Dodged            |    27 |    18 ||    45
